 Dungeon Crawl Stone Soup version 0.28.0-53-g5a82cb258f (webtiles) character file.

Game seed: 6571346757178581791

144 MilanorTSW the Sneak (level 5, -4/25 HPs)
             Began as a Spriggan Enchanter on June 16, 2022.
             Killed by divine providence
             ... invoked by an orc priest
              (11 damage)
             ... on level 4 of the Dungeon.
             The game lasted 00:15:22 (5067 turns).

MilanorTSW the Sneak (Spriggan Enchanter)           Turns: 5067, Time: 00:15:23

Health: -4/25      AC:  2    Str:  4 (6)  XL:     5   Next: 5%
Magic:  8/11       EV: 18    Int: 14 (16) God:
Gold:   84         SH:  0    Dex: 15 (16) Spells: 8/10 levels left

rFire   + . .      SeeInvis +   a - +2 dagger (venom)
rCold   + . .      Faith    .   (no shield)
rNeg    + . .      Spirit   .   h - +0 robe
rPois   .          Reflect  .   (helmet restricted)
rElec   .          Harm     .   n - scarf {rC+ rF+}
rCorr   .          Rampage  .   (gloves unavailable)
Will    +....                   (boots unavailable)
Stlth   +++.......              (no amulet)
HPRegen 0.08/turn               e - ring of willpower
MPRegen 0.12/turn               j - ring of positive energy

@: very quick
A: very small, no large weapons, unfitting armour, see invisible, speed 3
a: no special abilities


You were on level 4 of the Dungeon.
You visited 1 branch of the dungeon, and saw 4 of its levels.

You collected 84 gold pieces.

Inventory:

Hand Weapons
 a - a +2 dagger of venom (weapon)
 b - the +5 hunting sling of Wummi {vorpal, rPois}
   (You found it on level 2 of the Dungeon)

   Any ammunition fired from it inflicts extra damage upon your enemies.
   rPois:     It protects you from poison.
 i - a +1 dagger
Missiles
 r - 19 stones
Armour
 h - a +0 robe (worn)
 m - a +0 cloak
 n - a scarf of resistance (worn)
Jewellery
 e - a ring of willpower (left hand)
 j - a ring of positive energy (right hand)
Scrolls
 d - a scroll of silence {unknown}
 o - 2 scrolls of identify {unknown}
 q - a scroll of fog {unknown}
Potions
 c - a potion of invisibility
 f - a potion of mutation {unknown}
 g - 3 potions of might {unknown}
 k - a potion of attraction {unknown}
 l - a potion of magic {unknown}
 p - a potion of lignification {unknown}


   Skills:
 + Level 1.1 Fighting
 + Level 2.2 Short Blades
 + Level 3.5 Dodging
 + Level 5.0 Stealth
 + Level 3.4 Spellcasting
 + Level 0.9 Conjurations
 + Level 4.2 Hexes
 + Level 1.0 Ice Magic


You had 8 spell levels left.
You knew the following spells:

 Your Spells              Type           Power      Damage    Failure   Level
a - Ensorcelled Hibernat  Hex/Ice        18%        N/A       11%         2

Your spell library contained the following spells:

 Spells                   Type           Power      Damage    Failure   Level
 Confusing Touch          Hex            14%        N/A       11%         3
 Tukima's Dance           Hex            14%        N/A       11%         3
 Animate Skeleton         Necr           4%         N/A       21%         1
 Apportation              Tloc           4%         N/A       21%         1
 Pain                     Necr           8%         1d4       21%         1
 Summon Small Mammal      Summ           8%         N/A       21%         1
 Dazzling Flash           Conj/Hex       18%        N/A       22%         3
 Vampiric Draining        Necr           2%         2d6       52%         3


Dungeon Overview and Level Annotations

Branches:
Dungeon (4/15)
 Temple: D:4-7

Altars:
Gozag

Shops:
D:3 (

Annotations:
D:3 Grinder


Innate Abilities, Weirdness & Mutations

You are very small and have problems with some larger weapons.
You are too small for most types of armour.
You have supernaturally acute eyesight. (SInv)
You cover ground extremely quickly. (Speed+++)


Message History

The adder looks drowsy...
The helpless adder fails to defend itself.
You impale the adder!!
You kill the adder!
You feel your intelligence returning.
There is a stone staircase leading down here.
You see here a +0 hand axe.
You see here a +0 club.
Things that are here:
a +0 dagger; a +0 dagger Done exploring.
Done exploring.
(D) Dungeon
Where to? (Enter - D:1 @ (x,y), ? - help)
There is a stone staircase leading up here.
There is a stone staircase leading down here.
You climb downwards.
There is a stone staircase leading up here.
There are monsters nearby!
The orc priest shouts!
The orc shouts!
You hit the orc wizard but do no damage.
The orc wizard barely misses you.
The orc wizard looks drowsy...
The orc priest calls down the wrath of Beogh upon you.
Beogh smites you!
Ouch! That really hurt!
* * * LOW HITPOINT WARNING * * *
There is a stone staircase leading up here.
The helpless orc wizard fails to defend itself.
You impale the orc wizard!!
You kill the orc wizard!
You feel your dexterity returning.
Your Stealth skill increases to level 5!
Your Ice Magic skill increases to level 1!
You have reached level 5!
You feel agile.
The orc priest mumbles some strange prayers to Beogh against you.
Beogh smites you!
You die... ######### #..o)o@.# #.#######

You could see an orc priest and an orc.

Vanquished Creatures
  An orc wizard (D:4)
  3 adders
  3 worms
  2 dart slugs (D:1)
  3 orcs (D:3)
  7 bats
  4 endoplasms
  4 giant cockroaches
  10 goblins
  5 hobgoblins
  8 jackals
  5 kobolds
  2 quokkas
  7 ball pythons
  5 frilled lizards
  2 rats (D:3)
71 creatures vanquished.

Vanquished Creatures (others)
  A fungus (D:3)
1 creature vanquished.

Grand Total: 72 creatures vanquished

Notes
Turn   | Place    | Note
-------+----------+-------------------------------------------
     0 | D:1      | MilanorTSW the Spriggan Enchanter began the quest for the
                  | Orb.
     0 | D:1      | Reached XP level 1. HP: 9/9 MP: 5/5
  1218 | D:1      | Reached XP level 2. HP: 8/13 MP: 6/6
  1301 | D:1      | Learned a level 2 spell: Ensorcelled Hibernation
  2141 | D:2      | Reached XP level 3. HP: 17/17 MP: 3/8
  2156 | D:2      | Identified the +5 hunting sling of Wummi {vorpal, rPois}
  3263 | D:3      | Found Xugobb's Weapon Boutique.
  3412 | D:3      | Reached XP level 4. HP: 21/21 MP: 4/9
  4159 | D:3      | Reached skill level 1 in Fighting
  4649 | D:3      | Noticed Grinder
  4721 | D:3      | Found an opulent altar of Gozag.
  4742 | D:3      | Found a faded altar of an unknown god.
  5067 | D:4      | Reached skill level 5 in Stealth
  5067 | D:4      | Reached skill level 1 in Ice Magic
  5067 | D:4      | Reached XP level 5. HP: 7/25 MP: 8/11
  5067 | D:4      | Killed from afar by an orc priest

Illustrated notes

Levels and vault maps discovered:
D:1:      dpeg_arrival_chambers_temple_mockup, layout_basic,
          minmay_crystal_water, serial_bayou_pond_d
D:2:      layout_rooms
D:3:      layout_loops_ring, nicolae_gozag_seed_capital,
          ebering_ecumenical_altar_hall, serial_shops, nicolae_shop_waterfront,
          minmay_misc_feat_plants, chequers_serial_rivers_micro_e,
          roderic_nine_men_s_morris, minivault_11, uniq_grinder, uniq_robin
D:4:      layout_basic, minitemple, gammafunk_ghost_cemetery

Skill      XL: |  1  2  3  4 |
---------------+-------------+-----
Dodging        | 3 |  3.5
Spellcasting   | 3 |  3.4
Hexes          | 4 |  4.2
Short Blades   | 2 |  2.2
Fighting       | 1 |  1.1
Stealth        | 5 |  5.0
Ice Magic      | 1 |  1.0
Conjurations   | |  0.9

Action                   |  1- 3 |  4- 6 || total
-------------------------+-------+-------++-------
Melee: Dagger            |   108 |    38 ||   146
       Punch             |     2 |       ||     2
 Cast: Ensorcelled Hiber |    37 |    37 ||    74
  Use: Scroll            |     1 |       ||     1
       Potion            |       |     3 ||     3
 Stab: Sleeping          |    31 |    19 ||    50
       Distracted        |       |     1 ||     1
Armor: Robe              |    17 |     6 ||    23
Dodge: Dodged            |    94 |    39 ||   133
